 Dungeon Crawl Stone Soup version 0.26-a0-52-gd53d4cd058 (webtiles) character file.

Game seed: 3561776704249241784

195 Hasart the Sneak (level 6, -16/37 HPs)
             Began as a Kobold Assassin on June 6, 2020.
             Was an Initiate of Ru.
             Killed from afar by Ijyb (18 damage)
             ... with a bolt of acid
             ... on level 3 of the Dungeon.
             The game lasted 00:06:10 (2606 turns).

Hasart the Sneak (Kobold Assassin)                  Turns: 2606, Time: 00:06:11

Health: -16/37     AC:  4    Str: 10    XL:     6   Next: 4%
Magic:  6/6        EV: 15    Int: 12    God:    Ru [......]
Gold:   119        SH:  0    Dex: 17    Spells: 5/5 levels left

rFire    . . .     SeeInvis .   a - +2 dagger
rCold    . . .     Gourm    .   (shield restricted)
rNeg     . . .     Faith    .   u - +0 leather armour (curse)
rPois    .         Spirit   .   (no helmet)
rElec    .         Reflect  .   c - +0 cloak
rCorr    .         Harm     .   (no gloves)
MR       .....                  (no boots)
Stlth    +++.......             (no amulet)
HPRegen  0.12/turn              (no ring)
MPRegen  0.10/turn              (no ring)

@: no status effects
A: small, carnivore
a: Renounce Religion


You were on level 3 of the Dungeon.
You worshipped Ru.
Ru was noncommittal.
You were completely stuffed.

You visited 1 branch of the dungeon, and saw 3 of its levels.

You collected 119 gold pieces.

Inventory:

Hand Weapons
 a - a +2 dagger (weapon)
Missiles
 d - 20 poisoned darts (quivered)
Armour
 c - a +0 cloak (worn)
 u - a cursed +0 leather armour (worn)
Scrolls
 i - 2 scrolls of enchant weapon {unknown}
 k - a scroll of magic mapping {unknown}
 l - 3 scrolls of identify {unknown}
 n - 2 scrolls of teleportation {unknown}
 r - 2 scrolls of remove curse {unknown}
 t - a scroll of fog {unknown}
Potions
 b - a potion of might {unknown}
 g - a potion of curing
 h - 2 potions of heal wounds {unknown}
 j - a potion of cancellation {unknown}
 m - a potion of ambrosia {unknown}
 o - a potion of lignification {unknown}
 p - a potion of flight {unknown}
 q - a potion of resistance {unknown}
 s - a potion of haste {unknown}
Comestibles
 f - 7 rations
 v - 2 chunks of flesh


   Skills:
 + Level 3.2 Fighting
 * Level 4.9 Short Blades
 + Level 3.1 Throwing
 + Level 2.8 Dodging
 + Level 6.1 Stealth


You had 5 spell levels left.
You didn't know any spells.
Your spell library was empty.

Dungeon Overview and Level Annotations

Branches:
Dungeon (3/15)

Altars:
Ru

Annotations:
D:3 Ijyb


Innate Abilities, Weirdness & Mutations

You are small and have problems with some larger weapons.
You are carnivorous and can eat meat at any time.


Message History

Aim: Ijyb, wielding a +9 club, wearing a +0 chain mail and carrying a wand of acid (11) (poisoned)
You throw a poisoned dart. The poisoned dart closely misses Ijyb.
Ijyb hits you with a +9 club!
* * * LOW HITPOINT WARNING * * *
Quiver which item? (- for none, * to show all) (? for menu, Esc to quit)
Quivering
e - 2 curare-tipped darts for throwing.
Throwing (i - inventory. (/) - cycle)
e - 2 curare-tipped darts (quivered)
Press: ? - help, Shift-Dir - straight line, f/p - Ijyb
Aim: Ijyb, wielding a +9 club, wearing a +0 chain mail and carrying a wand of acid (11) (poisoned)
You throw a curare-tipped dart.
The curare-tipped dart closely misses Ijyb.
Ijyb hits you with a +9 club.
* * * LOW HITPOINT WARNING * * *
Throwing (i - inventory. (/) - cycle)
e - a curare-tipped dart (quivered)
Press: ? - help, Shift-Dir - straight line, f/p - Ijyb
Aim: Ijyb, wielding a +9 club, wearing a +0 chain mail and carrying a wand of acid (11) (poisoned)
You throw a curare-tipped dart.
The curare-tipped dart closely misses Ijyb.
Ijyb zaps a wand.
The bolt of acid hits you!!
You die...

#.....# #..#.
#.##.## #..#. # #.#
#..#. ##.# #..#.
.##.# #.)..
###.##.# #.##.
#...##.### #..#.
######g## #...#
##.#. #......@#
###.# #.#.
#.####..#####.#
#.#. #..#...#.#
#.#. #..#...#.#
#.#. #........#
#.## #........####
#.# #........##.##
#.#
#..#...###.#.###.##
#..#...##.###......


You could see Ijyb (poisoned).

Vanquished Creatures
  An orc priest (D:3)
  Jessica (D:3)
  4 gnolls
  4 adders
  2 dart slugs
  3 orcs (D:3)
  A ball python (D:1)
  2 giant cockroaches (D:1)
  6 goblins
  4 hobgoblins
  3 quokkas
  7 bats
  4 frilled lizards
  8 kobolds
  12 rats
62 creatures vanquished.

Notes
Turn   | Place    | Note
-------+----------+-------------------------------------------
     0 | D:1      | Hasart the Kobold Assassin began the quest for the Orb.
     0 | D:1      | Reached XP level 1. HP: 12/12 MP: 1/1
   321 | D:1      | Reached XP level 2. HP: 15/17 MP: 2/2
   780 | D:1      | Reached XP level 3. HP: 22/22 MP: 3/3
  1193 | D:2      | Reached XP level 4. HP: 27/27 MP: 4/4
  2001 | D:3      | Reached XP level 5. HP: 22/32 MP: 5/5
  2146 | D:3      | Found a sacrificial altar of Ru.
  2157 | D:3      | Became a worshipper of Ru the Awakened
  2243 | D:3      | Noticed Jessica
  2249 | D:3      | Killed Jessica
  2249 | D:3      | Reached skill level 6 in Stealth
  2520 | D:3      | Reached XP level 6. HP: 37/37 MP: 6/6
  2587 | D:3      | Noticed Ijyb
  2606 | D:3      | Killed from afar by Ijyb

Illustrated notes

Levels and vault maps discovered:
D:1:      onia_arrival_pyramid, layout_loops_corners
D:2:      layout_basic, first_ration, minivault_25
D:3:      layout_loops_ring, marbit_many_paths, gammafunk_ghost_cemetery,
          uniq_ijyb, uniq_jessica

Skill      XL: |  1  2  3  4  5 |
---------------+----------------+-----
Short Blades   | 3 4 |  4.9
Dodging        | 2 |  2.8
Fighting       | 3 |  3.2
Throwing       | 3 |  3.1
Stealth        | 6 |  6.1

Action                   |  1- 3 |  4- 6 || total
-------------------------+-------+-------++-------
Melee: Dagger            |    64 |   108 ||   172
Throw: Dart              |       |    12 ||    12
 Stab: Sleeping          |    15 |    14 ||    29
  Eat: Chunk             |     9 |     5 ||    14
Armor: Robe              |    14 |     8 ||    22
       Leather armour    |       |     8 ||     8
Dodge: Dodged            |    25 |    65 ||    90

Table legend:
 A = Non-vault XP
 B = Vault XP
 C = Vault XP percentage of total XP
 D = Non-vault monster count
 E = Vault monster count
 F = Vault count percentage of total count
                 A         B        C        D         E       F
            +---------+---------+-------+---------+---------+-------
      Total |     241 |      38 |  13.6 |      60 |       2 |   3.2
            +---------+---------+-------+---------+---------+-------
        D:1 |      52 |       0 |   0.0 |      26 |       0 |   0.0
        D:2 |      44 |       0 |   0.0 |      12 |       0 |   0.0
        D:3 |     145 |      38 |  20.8 |      22 |       2 |   8.3
            +---------+---------+-------+---------+---------+-------
